 Dungeon Crawl Stone Soup version 0.17.0-24-gcfadda4 (webtiles) character file.

3690 MDvedh the Basher (level 9, -5/58 HPs)
             Began as a Demonspawn Wanderer on Nov 16, 2015.
             Was a Priest of Qazlal.
             Splashed by a brown ugly thing's acid (8 damage)
             ... on level 3 of the Abyss.
             The game lasted 00:23:25 (9457 turns).

MDvedh the Basher (Demonspawn Wanderer)             Turns: 9457, Time: 00:23:25

Health: -5/58      AC: 21    Str: 16    XL:     9   Next: 90%
Magic:  0/12       EV: 14    Int: 16    God:    Qazlal [***...]
Gold:   340        SH:  3    Dex: 14    Spells: 0 memorised, 8 levels left

rFire  . . .     SeeInvis .     n - +1 mace "Nuedgh" {speed, rElec Int+2} (curse)
rCold  . . .     Clarity  .     j - +0 chain mail {rN+}
rNeg   + + .     SustAt   .     (no shield)
rPois  .         Gourm    .     i - +1 hat
rElec  +         Spirit   +     (no cloak)
rCorr  .         Warding  +     (no gloves)
rMut   .         Stasis   .     x - +0 pair of boots
MR     .....                    A - amulet of warding
Stlth  ..........               (no ring)
                                E - +3 ring of evasion

@: agile, not resistant to hostile enchantments, extremely unstealthy
A: antennae 1, hooves 1, rough black scales 3, blink, blurry vision 1, dopey 1,
frail 1, powered by pain 1, screaming 1, strong 1, wild magic 1, magic shield
a: Blink, Upheaval, Elemental Force, Renounce Religion


You were on level 3 of the Abyss.
You worshipped Qazlal.
Qazlal was most pleased with you.
You were not hungry.

You visited 1 branch of the dungeon, and saw 8 of its levels.
You visited the Abyss 1 time.
You also visited: Sewer.

You collected 456 gold pieces.
You spent 116 gold pieces at shops.

Inventory:

Hand Weapons
 a - a +0 flail
 n - the cursed +1 mace "Nuedgh" (weapon) {speed, rElec Int+2}
   (You found it on level 6 of the Dungeon)

   Attacks with this weapon are significantly faster.
   It affects your intelligence (+2).
   It insulates you from electricity.
   It has a curse placed upon it.
 I - a +0 morningstar
Missiles
 D - 21 poisoned needles
 F - 2 needles of slowing
Armour
 i - a +1 hat (worn)
 j - a +0 chain mail of positive energy (worn)
 x - a +0 pair of boots (worn)
Jewellery
 f - an uncursed amulet of resist mutation
 A - an amulet of warding (around neck)
 E - a +3 ring of evasion (left hand)
 G - an uncursed amulet of the gourmand
Wands
 h - a wand of random effects (26)
 q - a wand of digging (24)
 H - a wand of random effects (15)
 J - a wand of paralysis (17)
 M - a wand of draining (6)
Scrolls
 o - a scroll of fear
 p - a scroll of identify
 v - 3 scrolls of remove curse
 y - 3 scrolls of enchant armour
 B - a scroll of fog
 L - a scroll of silence {unknown}
Potions
 b - a potion of ambrosia {unknown}
 c - a potion of invisibility {unknown}
 g - a potion of agility
 k - a potion of haste {unknown}
 l - a potion of lignification {unknown}
 r - a potion of curing
 t - 2 potions of poison {unknown}
 u - 4 potions of flight
 z - a potion of might {unknown}
Books
 C - a book of Unlife

   Spells                             Type                      Level
   a - Recall                         Summoning/Translocation      3
   b - Animate Dead                   Necromancy                   4
   c - Control Undead                 Necromancy                   4
   d - Cigotuvi's Embrace             Necromancy                   5
   e - Death Channel                  Necromancy                   6
   f - Simulacrum                     Ice/Necromancy               6
Comestibles
 e - 10 bread rations
 m - 3 beef jerkies
 s - a royal jelly
 w - 7 fruits
 K - 2 meat rations


   Skills:
 + Level 4.0 Fighting
 * Level 11.6 Maces & Flails
 - Level 1.0 Throwing
 + Level 3.6 Armour
   Level 1.0 Shields
   Level 1.7 Transmutations
   Level 1.0 Fire Magic
 + Level 4.3 Invocations


You had 8 spell levels left.
You didn't know any spells.

Dungeon Overview and Level Annotations

Branches:
Dungeon (8/15)             Temple (0/1) D:5            Lair (0/8) D:8

Altars:
Ashenzari
Dithmenos
Makhleb
Nemelex Xobeh
Okawaru
Qazlal
Ru
Vehumet
Xom
Yredelemnul

Shops:
D:4 =   D:6 [

Annotations:
D:1 Natasha
D:8 Erolcha


Innate Abilities, Weirdness & Mutations

You have a pair of small antennae on your head.
You are completely covered in rough black scales (AC +10, Dex -3).
You sometimes gain a little power by taking damage.
When hurt, damage is shared between your health and your magic reserves.
You have large cloven feet.
You can translocate small distances at will.
Scrolls take you a little longer to read.
You are dopey. (Int -2)
You are frail (-10% HP).
You occasionally shout uncontrollably at your foes.
Your muscles are strong. (Str +2)
Your spells are a little harder to cast, but a little more powerful.


Message History

The brown ugly thing misses you.
Read which item? (? for menu, Esc to quit)
Okay, then.
Evoke which item? (* to show all) (? for menu, Esc to quit)
Okay, then.
The brown ugly thing basks in the mutagenic energy from its kin and changes!
The cyan ugly thing basks in the mutagenic energy from its kin and changes!
The brown ugly thing misses you.
Found 6 needles of slowing.
The brown ugly thing trunk-slaps you.
* * * LOW HITPOINT WARNING * * *
You are splashed with acid!
The acid burns!
* * * LOW HITPOINT WARNING * * *
Drink which item? (? for menu, Esc to quit)
Okay, then.
Drink which item? (? for menu, Esc to quit)
You feel better. The brown ugly thing trunk-slaps you!
* * * LOW HITPOINT WARNING * * *
You are splashed with acid!
The acid burns!
You die...

##...##....
#. #..#u# ..
#.###....#.#
#..#.u ..#.
#...##....#
##.##..#..#
#..# ......
#u## . .#..
#@# #.... #
### .#


You could see 2 ugly things.

Vanquished Creatures
  A smoke demon (Abyss:3)
  Grinder (D:5)
  A spriggan (D:7)
  Eustachio (D:5)
  A small abomination (Abyss:3)
  A ynoxinul (Abyss:3)
  The ghost of ConnectionFaild the Shooter, an amateur GrHu (D:3)
  4 sky beasts
  A black bear (D:6)
  5 phantoms
  2 centaurs (D:8)
  An ice beast (D:7)
  An ogre (D:7)
  A big kobold (Sewer)
  2 giant frogs
  A scorpion (D:6)
  A crimson imp (D:5)
  A hound (D:3)
  4 orc wizards
  4 orc priests
  A quasit (D:6)
  2 centaur skeletons
  2 giant frog skeletons (D:5)
  Natasha (twice) (D:2 D:1)
  An iguana (D:7)
  5 worker ants
  A hound skeleton (D:7)
  Robin (D:4)
  A river rat (Sewer)
  19 adders
  A worker ant zombie (D:7)
  A gnoll (D:1)
  A shadow imp (D:6)
  2 oozes (D:2)
  An adder zombie (D:7)
  5 worms
  2 adder skeletons
  7 giant geckos
  24 orcs
  4 ball pythons
  6 bats
  11 giant cockroaches
  13 hobgoblins
  7 jackals
  14 kobolds
  A giant gecko skeleton (D:4)
  10 giant newts
  21 goblins
  3 quokkas
  14 rats
218 creatures vanquished.

Vanquished Creatures (others)
  An orc (D:5)
  5 plants (D:8)
6 creatures vanquished.

Grand Total: 224 creatures vanquished

Notes
Turn   | Place    | Note
--------------------------------------------------------------
     0 | D:1      | MDvedh the Demonspawn Wanderer began the quest for the Orb.
     0 | D:1      | MDvedh set off with: 2 curare-tipped needles, a +2 blowgun, a +0 ring mail, a scroll of teleportation, a bread ration
     0 | D:1      | Reached XP level 1. HP: 15/15 MP: 1/1
   229 | D:1      | Reached skill level 2 in Fighting
   347 | D:1      | Gained mutation: You sometimes gain a little power by taking damage. [demonic ancestry]
   347 | D:1      | Reached XP level 2. HP: 22/22 MP: 2/2
   644 | D:1      | Gained mutation: You are partially covered in rough black scales (AC +4, Dex -1). [demonic ancestry]
   644 | D:1      | Reached XP level 3. HP: 11/27 MP: 3/3
  1141 | D:2      | Noticed Natasha
  1149 | D:2      | Killed Natasha
  1149 | D:2      | Reached skill level 3 in Maces & Flails
  1247 | D:2      | Gained mutation: You are mostly covered in rough black scales (AC +7, Dex -2). [demonic ancestry]
  1247 | D:2      | Reached XP level 4. HP: 31/33 MP: 4/4
  1334 | D:2      | Noticed Natasha
  1348 | D:1      | Killed Natasha
  1367 | D:1      | Noticed Natasha
  1573 | D:2      | Reached skill level 4 in Maces & Flails
  2053 | D:2      | Reached XP level 5. HP: 35/38 MP: 5/5
  2649 | D:3      | Reached skill level 5 in Maces & Flails
  2739 | D:3      | Noticed ConnectionFaild's ghost (amateur GrHu)
  2851 | D:3      | Killed ConnectionFaild's ghost
  2851 | D:3      | Reached XP level 6. HP: 18/44 MP: 6/6
  3348 | D:3      | Reached skill level 6 in Maces & Flails
  3656 | D:4      | Found Vago's Jewellery Shop.
  3944 | D:4      | Bought a cursed -3 ring of intelligence for 26 gold pieces
  4461 | D:4      | Reached skill level 7 in Maces & Flails
  4461 | D:4      | Gained mutation: You are completely covered in rough black scales (AC +10, Dex -3). [demonic ancestry]
  4461 | D:4      | Reached XP level 7. HP: 48/50 MP: 7/7
  4597 | D:4      | Found a sacrificial altar of Ru.
  4604 | D:4      | Found a basalt altar of Yredelemnul.
  4614 | D:4      | Found a shadowy altar of Dithmenos.
  4621 | D:4      | Found an iron altar of Okawaru.
  4628 | D:4      | Found a stormy altar of Qazlal.
  4634 | D:4      | Became a worshipper of Qazlal Stormbringer
  4640 | D:4      | Found a shattered altar of Ashenzari.
  4645 | D:4      | Found a sparkling altar of Nemelex Xobeh.
  4769 | D:4      | Noticed Robin
  4781 | D:4      | Killed Robin
  5153 | D:5      | Entered Level 5 of the Dungeon
  5156 | D:5      | Noticed Eustachio
  5210 | D:5      | Noticed Grinder
  5212 | D:5      | Paralysed by Grinder for 3 turns
  5229 | D:5      | Paralysed by Grinder for 4 turns
  5239 | D:5      | Killed Grinder
  5239 | D:5      | Reached skill level 8 in Maces & Flails
  5426 | D:5      | Gained mutation: You have a pair of small antennae on your head. [demonic ancestry]
  5426 | D:5      | Reached XP level 8. HP: 33/56 MP: 8/8
  5430 | D:5      | Gained mutation: You regenerate slowly when monsters are visible. [mutagenic meat]
  5431 | D:5      | Gained mutation: You occasionally shout uncontrollably at your foes. [mutagenic meat]
  5432 | D:5      | Gained mutation: You have large cloven feet. [mutagenic meat]
  5433 | D:5      | Gained mutation: You tend to lose your temper in combat. [mutagenic meat]
  5434 | D:5      | Gained mutation: You can breathe flames. [mutagenic meat]
  5810 | D:5      | Gained mutation: You are clumsy. (Dex -2) [potion of mutation]
  5810 | D:5      | Gained mutation: Your mind is acute. (Int +2) [potion of mutation]
  5810 | D:5      | Gained mutation: Your spells are a little easier to cast, but a little less powerful. [potion of mutation]
  5811 | D:5      | Lost mutation: You are clumsy. (Dex -2) [potion of cure mutation]
  5811 | D:5      | Lost mutation: You tend to lose your temper in combat. [potion of cure mutation]
  5811 | D:5      | Lost mutation: Your mind is acute. (Int +2) [potion of cure mutation]
  5811 | D:5      | Lost mutation: You occasionally shout uncontrollably at your foes. [potion of cure mutation]
  5811 | D:5      | Lost mutation: You can breathe flames. [potion of cure mutation]
  5848 | D:5      | Killed Eustachio
  5848 | D:5      | Reached skill level 9 in Maces & Flails
  5912 | D:5      | Reached * piety under Qazlal
  5924 | D:5      | Found a staircase to the Ecumenical Temple.
  6076 | D:5      | Found a shimmering altar of Xom.
  6466 | D:5      | Reached skill level 10 in Maces & Flails
  6474 | D:5      | Gained mutation: You can translocate small distances at will. [mutagenic meat]
  6477 | D:5      | Lost mutation: Your spells are a little easier to cast, but a little less powerful. [mutagenic meat]
  6480 | D:5      | Gained mutation: Scrolls take you a little longer to read. [mutagenic meat]
  6484 | D:5      | Gained mutation: You occasionally shout uncontrollably at your foes. [mutagenic meat]
  6803 | D:6      | Found Ykol's Antique Armour Shop.
  6839 | D:6      | Bought a glowing chain mail for 90 gold pieces
  6851 | D:6      | Found a glowing drain.
  6875 | Sewer    | Entered a sewer
  6887 | Sewer    | Reached ** piety under Qazlal
  7020 | Sewer    | Found a white marble altar of Elyvilon.
  7281 | D:6      | Gained mutation: When hurt, damage is shared between your health and your magic reserves. [demonic ancestry]
  7281 | D:6      | Reached XP level 9. HP: 56/61 MP: 9/9
  7848 | D:6      | Got a crystal mace
  8109 | D:7      | Reached skill level 1 in Invocations
  8345 | D:7      | Identified the cursed +1 mace "Nuedgh" {speed, rElec Int+2} (You found it on level 6 of the Dungeon)
  8456 | D:7      | Found a burning altar of Makhleb.
  8558 | D:7      | Reached skill level 11 in Maces & Flails
  8706 | D:7      | Found an iron altar of Okawaru.
  9033 | D:8      | Found a staircase to the Lair.
  9034 | D:8      | Noticed a komodo dragon
  9072 | D:8      | Found a radiant altar of Vehumet.
  9192 | D:8      | Reached *** piety under Qazlal
  9199 | D:8      | Gained mutation: Your muscles are strong. (Str +2) [mutagenic meat]
  9200 | D:8      | Gained mutation: Your spells are a little harder to cast, but a little more powerful. [mutagenic meat]
  9201 | D:8      | Gained mutation: You are frail (-10% HP). [mutagenic meat]
  9202 | D:8      | Lost mutation: You regenerate slowly when monsters are visible. [mutagenic meat]
  9241 | D:8      | Noticed Erolcha
  9250 | D:8      | Cast into the Abyss (Erolcha)
  9257 | Abyss:2  | Found a blossoming altar of Fedhas.
  9372 | Abyss:3  | Noticed a smoke demon
  9398 | Abyss:3  | Noticed a hellwing
  9398 | Abyss:3  | Noticed a smoke demon
  9405 | Abyss:3  | Killed a smoke demon
  9415 | Abyss:3  | Noticed a thrashing horror
  9417 | Abyss:3  | Noticed a thrashing horror
  9426 | Abyss:3  | Noticed a smoke demon
  9433 | Abyss:3  | Noticed a brown very ugly thing
  9433 | Abyss:3  | Noticed a brown ugly thing
  9433 | Abyss:3  | Noticed a brown ugly thing
  9433 | Abyss:3  | Noticed a brown ugly thing
  9434 | Abyss:3  | Gained mutation: You are dopey. (Int -2) [a neqoxec]
  9456 | Abyss:3  | HP: 1/58 [acid (5)]
  9457 | Abyss:3  | Splashed by a brown ugly thing's acid

Action                   |  1- 3 |  4- 6 |  7- 9 || total
-------------------------+-------+-------+-------++-------
Melee: Unarmed           |    16 |       |       ||    16
       Club              |    36 |       |       ||    36
       Flail             |    68 |   403 |   563 ||  1034
       Mace              |       |       |   234 ||   234
 Fire: Blowgun           |     4 |       |       ||     4
  Use: Scroll            |       |    10 |     6 ||    16
       Potion            |       |       |    15 ||    15
  Eat: Chunk             |     1 |    11 |    27 ||    39
       Meat ration       |       |       |     1 ||     1
